 Dungeon Sprint DCSS version 0.29.1-15-g9cfb28693d (webtiles) character file.

Game seed: 12691602042768759114

288039 Groucho the Ninja (level 13, 74/74 HPs)
             Began as a Felid Berserker on Mar 5, 2023.
             Was an Elder of Trog.
             Escaped with the Orb!
             The game lasted 00:23:19 (5787 turns).

Groucho the Ninja (Felid Berserker)                 Turns: 5787, Time: 00:23:19

Health: 74/74      AC:  3    Str: 15    XL:     13   Next: 40%
Magic:  32/32      EV: 36    Int: 11    God:    Trog [****..]
Gold:   5079       SH:  0    Dex: 18    Spells: 40/40 levels left
                                        Lives:  2   Deaths: 2

rFire   + + .      SeeInvis +     - Unarmed
rCold   + + +      Faith    .   (shield unavailable)
rNeg    + + .      Spirit   +   (body armour unavailable)
rPois   .          Reflect  .   (helmet unavailable)
rElec   +          Harm     .   (cloak unavailable)
rCorr   +          Rampage  .   (gloves unavailable)
Will    +....      NoTele   +   (boots unavailable)
Stlth   ++++......              g - amulet of guardian spirit
HPRegen 0.22/turn               C - ring of Issem {Fly rF+ rC++ rN+}
MPRegen 0.23/turn               u - ring "Gixo" {rF+ rN+ rCorr Int+2}

@: flying, quick
A: very small, claws 1, fangs 3, see invisible, speed 1, shaggy fur 3, stealthy
paws, no weapons or thrown items, no armour, multi-lived, electricity resistance
0: Orb of Zot
a: Renounce Religion, Berserk, Trog's Hand, Brothers in Arms


You escaped.
You worshipped Trog.
Trog was greatly pleased with you.
You visited 1 branch You collected 5532 gold pieces.
You spent 453 gold pieces at shops.

Inventory:

Jewellery
 b - a +6 ring of dexterity
 g - an amulet of guardian spirit (around neck)
 m - a ring of willpower
 q - an amulet of magic regeneration
 t - a ring of protection from cold
 u - the ring "Gixo" (right paw) {rF+ rN+ rCorr Int+2}
   (You found it in the Dungeon)

   [ring of resist corrosion]

   Int:       It affects your intelligence (+2).
   rF:        It protects you from fire.
   rN:        It protects you from negative energy.
   rCorr:     It protects you from acid and corrosion.
 y - the ring "Asaromn" {rPois rC+}
   (You found it in the Dungeon)

   [ring of protection from cold]

   rC:        It protects you from cold.
   rPois:     It protects you from poison.
 B - a ring of ice
 C - the ring of Issem (left paw) {Fly rF+ rC++ rN+}
   (You found it in the Dungeon)

   [ring of flight]

   rF:        It protects you from fire.
   rC:        It greatly protects you from cold.
   rN:        It protects you from negative energy.
   Fly:       It grants you flight.
Scrolls
 f - 2 scrolls of blinking
 h - 2 scrolls of vulnerability {unknown}
 j - 2 scrolls of amnesia {unknown}
 k - a scroll of immolation {unknown}
 n - 6 scrolls of identify {unknown}
 o - 2 scrolls of magic mapping {unknown}
 p - a scroll of torment {unknown}
 x - 2 scrolls of poison {unknown}
 D - 4 scrolls of acquirement {unknown}
Potions
 a - a potion of curing
 c - 8 potions of flight
 d - 18 potions of magic
 e - 3 potions of might
 i - 3 potions of resistance
 l - a potion of berserk rage
 s - a potion of ambrosia {unknown}
 v - 2 potions of experience {unknown}
 w - 2 potions of lignification {unknown}
 z - a potion of degeneration {unknown}
 A - 24 potions of mutation
 E - a potion of attraction {unknown}


   Skills:
 + Level 18.4 Fighting
 + Level 23.2 Dodging
 O Level 27 Stealth
 + Level 18.4 Unarmed Combat
 + Level 14.1 Spellcasting


You had 40 spell levels left.
You didn't know any spells.
Your spell library was empty.

Dungeon Overview and Level Annotations

Branches:
Dungeon (1/1)

Altars:
Cheibriados
Dithmenos
Elyvilon
Fedhas
Gozag
Hepliaklqana
Kikubaaqudgha
Makhleb
Nemelex Xobeh
Okawaru
Qazlal
Ru
Sif Muna
Trog
Uskayaw
Vehumet
Wu Jian
Xom
Yredelemnul
Zin
The Shining One
Jiyva
Lugonu

Shops:
D (!::?[=*!!=?!(*[*[::

Annotations:
D Nessos


Innate Abilities, Weirdness & Mutations

You have sharp claws.
You have razor-sharp teeth.
You have supernaturally acute eyesight. (SInv)
You cover ground quickly. (Speed+)
Your thick and shaggy fur keeps you warm. (AC +3, rC+)
Your paws help you pounce on unaware monsters.
You are incapable of wielding weapons or throwing items.
You cannot wear armour.
You gain extra lives every three experience levels.
You are resistant to electric shocks. (rElec)


Message History

Magic restored.
You start waiting.
You see here the Orb of Zot.
You feel yourself speed up.
You pick up the Orb of Zot!
The Orb lets out a hideous shriek!
The lords of Pandemonium are not amused.
Beware!
Now all you have to do is get back out of the dungeon!
There is an open door here.
Really fly into that net trap?
You avoid being caught in a net.
There is a net trap here.
Trog will no longer gift you weapons.
There is a large open door here.
There is a huge open gate here.
You see here an orb of mayhem.
You see here a +0 ring mail.
You see here 5 stones.
Really fly into that net trap?
You avoid being caught in a net.
There is a net trap here.
Really fly into that net trap? [Y]es or [N]o only, please.
Really fly into that net trap?
You avoid being caught in a net.
There is a net trap here.
Your extra speed is starting to run out.
There is an open door here.
There is a fountain of blood here.
Things that are here:
a +0 long sword; a +0 cloak
There is a fountain of blood, spattered with blood here.
You feel yourself slow down.
There is an open door, spattered with blood here.
A Brimstone Fiend comes into view.
Really fly into a travel-excluded area?
Really fly into a travel-excluded area?
There is an open door here.
There is an open door, spattered with blood here.
There is a staircase leading out of the dungeon here.
You have escaped!

##########~~#+++# + ####....#.##
#########~~~..... .. #..'...^#..#
........#~~~~.##+##..#..####.#..#
...⌠....#~~~M##.#.##.####..'^##.#
....∩...#~~~~#..#..# ...#.:#...##
.∩.∩.∩..#~~####.#.####..#####..##
∩.∩.∩.∩.#~##.###'###.##..#..'..#.
.∩...∩.∩#~#.#.##.##...#..#..#..#.
∩.....∩.'~'.##'.@.')#.'..####..##
.......∩#~#..###.##...#....###...
▓▓▓▓▓▓###~##.###'###.##...§..~~~~
...######~~####.#.####~§...§.§#+#
...#..'.##~~~#.###.#~~~~~~~..~#._
∩.['..#'##'#~##.#.##~~~~~~~~§§#..
...#(##.##.#~~##+##~~~≈§≈~~~~~#._
...###.°°####~~~~~~~~~§§§§≈~~~#_.
#'###.○°.°# #+++#+++#~≈§≈≈§≈≈~#._


There were no monsters in sight!

Vanquished Creatures
  the Lernaean hydra (D)
  An electric golem (D)
  A hellephant (D)
  A deep elf master archer (D)
  2 quicksilver dragons (D)
  A deep elf blademaster (D)
  Gastronok (D)
  A kraken (D)
  A sphinx (D)
  A draconian knight (D)
  3 lorocyprocas (D)
  2 boulder beetles (D)
  A death yak (D)
  2 hell hogs (D)
  Sonja (D)
  2 sixfirhies (D)
  A glowing orange brain (D)
  An obsidian statue (D)
  2 deep trolls (D)
  A harpy (D)
  2 shining eyes (D)
  3 manticores (D)
  An oklob plant (D)
  2 toenail golems (D)
  A merfolk siren (D)
  An eye of devastation (D)
  2 cane toads (D)
  A yaktaur (D)
  2 unseen horrors (D)
  3 polar bears (D)
  A hornet (D)
  3 slime creatures (D)
  6 flying skulls (D)
  3 yaks (D)
  5 wyverns (D)
  2 redbacks (D)
  4 neqoxecs (D)
  Menkaure (D)
  A vampire mosquito (D)
  3 water moccasins (D)
  4 floating eyes (D)
  A swamp drake (D)
  An earth elemental (D)
  9 electric eels (D)
  4 lava snakes (D)
  A jelly (D)
  4 orc priests (D)
  A spectral jackal (D)
  A spectral quokka (D)
100 creatures vanquished.

Vanquished Creatures (collateral kills)
  A quicksilver dragon (D)
  Murray (D)
  A sphinx (D)
  A draconian shifter (D)
  A dire elephant (D)
  An iron golem (D)
  A crystal guardian (D)
  A great orb of eyes (D)
  An iron elemental (D)
  2 death drakes (D)
  A sixfirhy (D)
  10 shining eyes (D)
  3 orc sorcerers (D)
  A toenail golem (D)
  6 floating eyes (D)
  A swamp drake (D)
  An earth elemental (D)
34 creatures vanquished.

Vanquished Creatures (others)
  A water moccasin (D)
  2 ballistomycete spores (D)
3 creatures vanquished.

Grand Total: 137 creatures vanquished

Notes
Turn   | Place    | Note
-------+----------+-------------------------------------------
     0 | D        | Groucho the Felid Berserker began the quest for the Orb.
     0 | D        | Reached XP level 1. HP: 10/10 MP: 2/2
     2 | D        | Noticed a boulder beetle
     2 | D        | Noticed a boulder beetle
     5 | D        | Noticed a merfolk siren
    14 | D        | Killed a merfolk siren
    15 | D        | Reached skill level 18 in Stealth
    15 | D        | Reached XP level 2. HP: 3/14 MP: 3/3
    15 | D        | Reached XP level 3. HP: 4/17 MP: 4/4
    15 | D        | Reached XP level 4. HP: 5/21 MP: 5/5
    15 | D        | Reached XP level 5. HP: 5/24 MP: 6/6
    15 | D        | Gained mutation: You are covered in thick fur. (AC +2)
                  | [Felid growth]
    15 | D        | Reached XP level 6. HP: 6/28 MP: 7/7
   269 | D        | Killed a water moccasin
   463 | D        | Noticed a wyvern
   463 | D        | Noticed a wyvern
   466 | D        | Killed a wyvern
   466 | D        | Reached ** piety under Trog
   467 | D        | Reached skill level 19 in Stealth
   469 | D        | Killed a wyvern
   470 | D        | Reached skill level 5 in Dodging
   470 | D        | Reached skill level 20 in Stealth
   470 | D        | Reached XP level 7. HP: 31/31 MP: 8/8
   473 | D        | Noticed a neqoxec
   476 | D        | Killed a neqoxec
   477 | D        | Noticed a neqoxec
   478 | D        | Noticed a neqoxec
   478 | D        | Noticed a neqoxec
   485 | D        | Killed a neqoxec
   486 | D        | Reached skill level 21 in Stealth
   486 | D        | Gained mutation: You occasionally lose the ability to read
                  | scrolls when taking damage. [a neqoxec]
   489 | D        | Killed a neqoxec
   489 | D        | Reached *** piety under Trog
   490 | D        | Reached skill level 5 in Fighting
   490 | D        | Reached skill level 5 in Unarmed Combat
   495 | D        | Killed a neqoxec
   496 | D        | Reached XP level 8. HP: 31/37 MP: 9/9
   725 | D        | Killed a boulder beetle
   726 | D        | Reached skill level 22 in Stealth
   728 | D        | Killed a boulder beetle
   729 | D        | Reached skill level 23 in Stealth
   729 | D        | Reached XP level 9. HP: 43/43 MP: 10/10
   744 | D        | Found Gemigazxa's Antique Armour Shop.
   745 | D        | Found Efranya's General Store.
   745 | D        | Found Xauxtif's Weapon Shop.
   745 | D        | Found Potsia's General Store.
   745 | D        | Found Lyig's Magic Scroll Boutique.
   745 | D        | Found Ecicwail's Distillery.
   745 | D        | Found Qizeeg's Distillery.
   745 | D        | Found Byadow's Jewellery Shop.
   746 | D        | Found Uthal's Antique Armour Boutique.
   746 | D        | Found Gaczor's Jewellery Shop.
   746 | D        | Noticed Menkaure
   753 | D        | Found Siycwyka's Magic Scroll Shop.
   753 | D        | Found Diucaso's Book Boutique.
   753 | D        | Noticed an oklob plant
   756 | D        | Found Roxtiub's Distillery.
   756 | D        | Found Xaoho's Antique Weapon Boutique.
   756 | D        | Found Tioneytu's Book Shoppe.
   768 | D        | Bought a potion of invisibility for 80 gold pieces
   768 | D        | Bought a potion of might for 40 gold pieces
   778 | D        | Noticed an unseen horror
   780 | D        | Bought an amulet of guardian spirit for 300 gold pieces
   787 | D        | Noticed an unseen horror
   788 | D        | Bought a potion of flight for 33 gold pieces
   813 | D        | Killed Menkaure
   813 | D        | Reached **** piety under Trog
   814 | D        | Reached skill level 10 in Dodging
  1087 | D        | Found a glowing silver altar of Zin.
  1088 | D        | Found a glowing golden altar of the Shining One.
  1088 | D        | Found a basalt altar of Yredelemnul.
  1088 | D        | Found a hide-covered altar of Uskayaw.
  1089 | D        | Found a shimmering altar of Xom.
  1089 | D        | Found a bloodstained altar of Trog.
  1090 | D        | Found an ornate altar of the Wu Jian Council.
  1090 | D        | Found a shimmering blue altar of Sif Muna.
  1090 | D        | Found a corrupted altar of Lugonu.
  1090 | D        | Found a radiant altar of Vehumet.
  1090 | D        | Found a burning altar of Makhleb.
  1103 | D        | Found a sacrificial altar of Ru.
  1103 | D        | Found an ancient bone altar of Kikubaaqudgha.
  1103 | D        | Found a white marble altar of Elyvilon.
  1105 | D        | Found a stormy altar of Qazlal.
  1105 | D        | Found a viscous altar of Jiyva.
  1105 | D        | Found a shadowy altar of Dithmenos.
  1106 | D        | Found a hazy altar of Hepliaklqana.
  1106 | D        | Found a snail-covered altar of Cheibriados.
  1108 | D        | Noticed a yaktaur
  1108 | D        | Noticed a polar bear
  1109 | D        | Noticed a polar bear
  1109 | D        | Noticed a polar bear
  1110 | D        | Killed a polar bear
  1111 | D        | Killed a polar bear
  1114 | D        | Reached skill level 24 in Stealth
  1114 | D        | Killed a polar bear
  1114 | D        | Reached ***** piety under Trog
  1116 | D        | Killed a yaktaur
  1128 | D        | Reached XP level 10. HP: 45/49 MP: 11/11
  1134 | D        | Noticed a cane toad
  1135 | D        | Noticed a cane toad
  1136 | D        | Killed a cane toad
  1138 | D        | Killed a cane toad
  1139 | D        | Reached skill level 25 in Stealth
  1144 | D        | Noticed a deep elf master archer
  1152 | D        | Killed a deep elf master archer
  1157 | D        | Reached skill level 10 in Fighting
  1157 | D        | Reached skill level 10 in Unarmed Combat
  1160 | D        | Reached skill level 26 in Stealth
  1171 | D        | Noticed a death drake
  1172 | D        | Reached ****** piety under Trog
  1172 | D        | Noticed a crystal guardian
  1173 | D        | Noticed a death drake
  1178 | D        | Killed a death drake
  1183 | D        | Killed from afar by a crystal guardian
  1184 | D        | Reached XP level 9. HP: -28/70 MP: 0/10
  1188 | D        | Killed a crystal guardian
  1189 | D        | Reached XP level 10. HP: 51/51 MP: 11/11
  1192 | D        | Killed a death drake
  1613 | D        | Noticed a kraken
  1621 | D        | Killed a kraken
  1622 | D        | Reached skill level 27 in Stealth
  1627 | D        | Found a blossoming altar of Fedhas.
  1628 | D        | Found an opulent altar of Gozag.
  1696 | D        | Noticed a deep troll
  1697 | D        | Noticed a deep troll
  1699 | D        | Killed a deep troll
  1700 | D        | Killed a deep troll
  1701 | D        | Reached skill level 15 in Dodging
  1963 | D        | Noticed a sphinx
  1963 | D        | Noticed a sphinx
  1968 | D        | Killed a sphinx
  1969 | D        | Reached XP level 11. HP: 57/57 MP: 14/19
  1971 | D        | Killed a sphinx
  1972 | D        | Reached skill level 5 in Spellcasting
  2161 | D        | Noticed a hell hog
  2161 | D        | Noticed a hell hog
  2161 | D        | Noticed a great orb of eyes
  2161 | D        | Noticed an iron elemental
  2162 | D        | Noticed a death yak
  2190 | D        | Killed an iron elemental
  2207 | D        | Killed a great orb of eyes
  2224 | D        | Killed a hell hog
  2231 | D        | HP: 2/87 [hell hog/fireball (21)]
  2235 | D        | Killed a hell hog
  2514 | D        | Identified the ring "Gixo" {rF+ rN+ rCorr Int+2}
  2562 | D        | Noticed an electric golem
  2562 | D        | Noticed an iron golem
  2564 | D        | Killed an electric golem
  2574 | D        | Killed an iron golem
  2804 | D        | Noticed a glowing orange brain
  2805 | D        | Noticed a purple draconian shifter
  2805 | D        | Noticed a hellephant
  2806 | D        | Killed a hellephant
  2806 | D        | Noticed Sonja
  2807 | D        | Gained mutation: Your thick and shaggy fur keeps you warm.
                  | (AC +3, rC+) [Felid growth]
  2807 | D        | Reached XP level 12. HP: 39/64 MP: 14/25
  3018 | D        | Killed Sonja
  3027 | D        | Killed a purple draconian shifter
  3319 | D        | Noticed a deep elf blademaster
  3321 | D        | Killed a deep elf blademaster
  3322 | D        | Reached skill level 15 in Fighting
  3323 | D        | Reached skill level 15 in Unarmed Combat
  3389 | D        | Reached skill level 10 in Spellcasting
  3502 | D        | Found the +7 captain's cutlass {speed, disarm}
  3506 | D        | Noticed a dire elephant
  3510 | D        | Killed a dire elephant
  3517 | D        | Identified the ring "Asaromn" {rPois rC+}
  3522 | D        | Identified the ring of Issem {Fly rF+ rC++ rN+}
  3539 | D        | Identified the +10 falchion "Killer Klown's Curse" {vorpal,
                  | rCorr Str+2}
  3648 | D        | Noticed Gastronok
  3650 | D        | Killed Gastronok
  4005 | D        | Found Parag's Book Shoppe.
  4006 | D        | Found Keemu Emah's Book Boutique.
  4010 | D        | Found the +7 Spriggan's Knife {stab, EV+4 Stlth+}
  4013 | D        | Found Qegow's Distillery.
  4014 | D        | Found Bock's General Store.
  4016 | D        | Found the +4 moon troll leather armour {Spirit, Regen++
                  | MP+5}
  4017 | D        | Noticed Nessos
  4032 | D        | HP: 3/66 [Nessos/arrow (14)]
  4033 | D        | Succumbed to Nessos's poison
  4034 | D        | Reached XP level 11. HP: -1/62 MP: 1/27
  4034 | D        | Found Wukokhan's Armour Shoppe.
  4054 | D        | Reached XP level 12. HP: 60/66 MP: 26/28
  4176 | D        | Noticed the 27-headed Lernaean hydra
  4178 | D        | Killed the 27-headed Lernaean hydra
  4293 | D        | Noticed a black draconian knight
  4295 | D        | Killed a black draconian knight
  4686 | D        | Killed a death yak
  4691 | D        | Found an iron altar of Okawaru.
  4692 | D        | Found a sparkling altar of Nemelex Xobeh.
  4708 | D        | Identified the +9 spear "Umawk" {vamp, Will+}
  4801 | D        | Paralysed by a floating eye for 2 turns
  4807 | D        | Paralysed by a floating eye for 4 turns
  4808 | D        | Gained mutation: You are frail. (-10% HP) [a shining eye]
  4808 | D        | Gained mutation: You are dopey. (Int -2) [a shining eye]
  4816 | D        | Gained mutation: You occasionally shout uncontrollably at
                  | your foes. [a shining eye]
  4818 | D        | Paralysed by a floating eye for 4 turns
  4820 | D        | Reached XP level 13. HP: 65/65 MP: 29/31
  4861 | D        | Lost mutation: You are frail. (-10% HP) [potion of
                  | mutation]
  4861 | D        | Lost mutation: You occasionally lose the ability to read
                  | scrolls when taking damage. [potion of mutation]
  4861 | D        | Gained mutation: You occasionally lose the ability to drink
                  | potions when taking damage. [potion of mutation]
  4861 | D        | Gained mutation: You passively dampen the noise of your
                  | surroundings. [potion of mutation]
  4861 | D        | Gained mutation: You have a pair of small antennae on your
                  | head. [potion of mutation]
  4862 | D        | Lost mutation: You have a pair of small antennae on your
                  | head. [potion of mutation]
  4862 | D        | Lost mutation: You are dopey. (Int -2) [potion of mutation]
  4862 | D        | Lost mutation: You passively dampen the noise of your
                  | surroundings. [potion of mutation]
  4862 | D        | Gained mutation: You are clumsy. (Dex -2) [potion of
                  | mutation]
  4862 | D        | Gained mutation: You are frail. (-10% HP) [potion of
                  | mutation]
  4863 | D        | Lost mutation: You occasionally lose the ability to drink
                  | potions when taking damage. [potion of mutation]
  4863 | D        | Lost mutation: You are frail. (-10% HP) [potion of
                  | mutation]
  4863 | D        | Gained mutation: You passively map a small area around you.
                  | [potion of mutation]
  4864 | D        | Lost mutation: You passively map a small area around you.
                  | [potion of mutation]
  4864 | D        | Lost mutation: You occasionally shout uncontrollably at
                  | your foes. [potion of mutation]
  4864 | D        | Gained mutation: Potions are less effective at restoring
                  | your health. [potion of mutation]
  4865 | D        | Lost mutation: Potions are less effective at restoring your
                  | health. [potion of mutation]
  4865 | D        | Lost mutation: You are clumsy. (Dex -2) [potion of
                  | mutation]
  4865 | D        | Gained mutation: You occasionally lose the ability to drink
                  | potions when taking damage. [potion of mutation]
  4865 | D        | Gained mutation: You expend magic power (3 MP) to
                  | strengthen your wands. [potion of mutation]
  4866 | D        | Lost mutation: You occasionally lose the ability to drink
                  | potions when taking damage. [potion of mutation]
  4866 | D        | Lost mutation: You expend magic power (3 MP) to strengthen
                  | your wands. [potion of mutation]
  4866 | D        | Gained mutation: You are somewhat resistant to further
                  | mutation. [potion of mutation]
  4867 | D        | Lost mutation: You are somewhat resistant to further
                  | mutation. [potion of mutation]
  4867 | D        | Gained mutation: You are strong-willed. (Will+) [potion of
                  | mutation]
  4867 | D        | Lost mutation: You are strong-willed. (Will+) [potion of
                  | mutation]
  4867 | D        | Gained mutation: You expend magic power (3 MP) to
                  | strengthen your wands. [potion of mutation]
  4867 | D        | Gained mutation: You have a somewhat thin skeletal
                  | structure. (Dex +2, Stealth+) [potion of mutation]
  4868 | D        | Lost mutation: You have a somewhat thin skeletal structure.
                  | (Dex +2, Stealth+) [potion of mutation]
  4868 | D        | Lost mutation: You expend magic power (3 MP) to strengthen
                  | your wands. [potion of mutation]
  4868 | D        | Gained mutation: You have hidden genetic potential. [potion
                  | of mutation]
  4868 | D        | Lost mutation: You have hidden genetic potential. [potion
                  | of mutation]
  4868 | D        | Gained mutation: You are resistant to electric shocks.
                  | (rElec) [potion of mutation]
  4875 | D        | Noticed a lorocyproca
  4875 | D        | Noticed a quicksilver dragon
  4877 | D        | Killed a quicksilver dragon
  4882 | D        | Killed a lorocyproca
  4920 | D        | Noticed a lorocyproca
  4920 | D        | Noticed a lorocyproca
  4923 | D        | Noticed a quicksilver dragon
  4940 | D        | Killed a quicksilver dragon
  4941 | D        | Killed a lorocyproca
  4950 | D        | Killed a lorocyproca
  5005 | D        | Noticed a quicksilver dragon
  5097 | D        | Killed a quicksilver dragon
  5575 | D        | Noticed Murray
  5594 | D        | Killed Murray
  5684 | D        | Got the Orb of Zot
  5763 | D        | Noticed a Brimstone Fiend
  5787 | D        | Escaped with the Orb!

Illustrated notes

Levels and vault maps discovered:
D:        the_violet_keep_of_menkaure [sprint2_stairs_cluster_1,
          sprint2_shoproom, sprint2_temple, sprint2_basic_supplies,
          sprint2_obstacle_5, sprint2_obstacle_4, sprint2_obstacle_1,
          sprint2_obstacle_3, sprint2_obstacle_7, sprint2_timed_cluster_1,
          sprint2_smallroom_cluster_1, sprint2_smallroom_final_cluster_1,
          sprint2_transparent_cluster_1, sprint2_second_timed_cluster_1,
          sprint2_sniper_area_1, sprint2_heavy_combat_area_1,
          sprint2_mutation_trap_area_1, sprint2_forest_area_1,
          sprint2_light_combat_area_1, sprint2_behind_water_1,
          sprint2_near_end_vault_1]

Skill      XL: |  1  2  3  4  5  6  7  8  9 10 11 12 13 |
---------------+----------------------------------------+-----
Stealth        | 18 20 21 23 24 27 | 27.0
Dodging        | 5 7 9 11 15 18 22 23 | 23.2
Fighting       | 5 7 8 12 14 17 18 | 18.4
Unarmed Combat | 5 7 8 12 14 17 18 | 18.4
Spellcasting   | 4 8 13 14 | 14.1

Action                   |  1- 3 |  4- 6 |  7- 9 | 10-12 | 13-15 || total
-------------------------+-------+-------+-------+-------+-------++-------
Melee: Unarmed           |     7 |     2 |    35 |   212 |    45 ||   301
       Bite              |     1 |       |     3 |    23 |     8 ||    35
       Punch             |     1 |       |     1 |    22 |     2 ||    26
Invok: Trog's Hand       |       |       |     2 |    11 |     3 ||    16
       Berserk           |       |       |     2 |     8 |     2 ||    12
       Brothers in Arms  |       |       |       |    21 |     4 ||    25
  Use: Potion            |     2 |       |     1 |    10 |     9 ||    22
       Scroll            |       |       |       |     2 |       ||     2
 Stab: Sleeping          |       |     2 |    10 |    37 |     2 ||    51
       Distracted        |       |       |       |     3 |       ||     3
Armor: Skin              |       |       |     1 |     5 |     2 ||     8
Dodge: Dodged            |     2 |       |    15 |   205 |    42 ||   264
